 Dungeon Crawl Stone Soup version 0.27-a0-1321-gd358eaa319 (webtiles) character file.

Game seed: 1877873738158294864

114 Delamore the Skirmisher (level 5, -6/43 HPs)
             Began as a Formicid Fighter on June 22, 2021.
             Killed from afar by Pikel (13 damage)
             ... with an iceblast
             ... on level 4 of the Dungeon.
             The game lasted 00:01:54 (3033 turns).

Delamore the Skirmisher (Formicid Fighter)          Turns: 3033, Time: 00:01:54

Health: -6/43      AC:  8    Str: 21    XL:     5   Next: 18%
Magic:  5/5        EV:  8    Int:  8    God:
Gold:   142        SH:  9    Dex: 10    Spells: 4/4 levels left

rFire    . . .     SeeInvis +   a - +0 trident
rCold    . . .     Faith    .   c - +0 kite shield
rNeg     . . .     Spirit   .   b - +0 scale mail
rPois    .         Reflect  .   (helmet unavailable)
rElec    .         Harm     .   (no cloak)
rCorr    .         Rampage  .   (no gloves)
Will     .....                  h - +0 pair of boots
Stlth    ..........             (no amulet)
HPRegen  0.14/turn              (no ring)
MPRegen  0.09/turn              (no ring)

@: no status effects
A: permanent stasis, dig shafts and tunnels, antennae 3, four strong arms
a: Dig, Shaft Self


You were on level 4 of the Dungeon.
You visited 1 branch of the dungeon, and saw 4 of its levels.

You collected 142 gold pieces.

Inventory:

Hand Weapons
 a - a +0 trident (weapon)
Armour
 b - a +0 scale mail (worn)
 c - a +0 kite shield (worn)
 h - a +0 pair of boots (worn)
Jewellery
 k - a ring of willpower
Potions
 d - 3 potions of might
 e - a potion of heal wounds
 f - 2 potions of lignification
 g - a potion of flight {unknown}
 i - a potion of cancellation {unknown}
 j - a potion of brilliance {unknown}


   Skills:
 + Level 4.3 Fighting
 * Level 4.2 Polearms
 - Level 3.2 Armour
 - Level 3.6 Shields


You had 4 spell levels left.
You didn't know any spells.
Your spell library was empty.

Dungeon Overview and Level Annotations

Branches:
Dungeon (4/15)
 Temple: D:4-7

Altars:

Annotations:
D:3 Grinder
D:4 Pikel


Innate Abilities, Weirdness & Mutations

You cannot be hasted, slowed, berserked, paralysed or teleported.
You can dig through walls and to a lower floor.
You have a pair of large antennae on your head. (SInv)
Your four strong arms can wield two-handed weapons with a shield.


Message History

Grinder is moderately wounded.
Grinder gestures at you. Pain shoots through your body!
You hit Grinder.
Grinder is moderately wounded.
Grinder hits you.
You writhe in agony.
You are too injured to fight recklessly!
You are too injured to fight recklessly!
You are too injured to fight recklessly!
You are too injured to fight recklessly!
You are too injured to fight recklessly!
You are too injured to fight recklessly!
You are too injured to fight recklessly!
You are too injured to fight recklessly!
You are too injured to fight recklessly!
You are too injured to fight recklessly!
You are too injured to fight recklessly!
You are too injured to fight recklessly!
You are too injured to fight recklessly!
You are too injured to fight recklessly!
You are too injured to fight recklessly!
Grinder gestures at you. You resist with significant effort.
Grinder says, "Don't move a muscle."
Grinder gestures at you. Pain shoots through your body!
* * * LOW HITPOINT WARNING * * *
The hobgoblin hits you but does no damage.
There is an escape hatch in the floor here.
The hobgoblin hits you but does no damage.
You slide downwards.
The hatch slams shut behind you. 3 orcs, 4 lemures and Pikel come into view.
Pikel is wielding a +0 whip of flaming and carrying a wand of iceblast (8).
An orc is wielding a +1 short sword of protection.
Pikel shouts!
The lemure shouts! x4; The orc shouts! x3
Found a stone staircase leading up.
A jelly comes into view.
An orc comes into view. It is wielding a +0 club.
You block the hobgoblin's attack.
Pikel zaps a wand.
The mass of ice explodes!
The iceblast engulfs you!
You die...

###.....
#..5...#
###..5..K####
....5...#..#.
#...<5.o....
##........#
#.........#
#..@.....#
##..g###oo...
#....# {..
#..... .
#......
##...J..
........
..........


You could see Pikel, 4 lemures, a jelly, 3 orcs and a hobgoblin.

Vanquished Creatures
  4 gnolls
  2 adders (D:2)
  A dart slug (D:2)
  An orc (D:2)
  8 endoplasms
  4 giant cockroaches
  4 hobgoblins
  8 kobolds
  6 ball pythons
  2 bats
  5 goblins
  7 rats
52 creatures vanquished.

Notes
Turn   | Place    | Note
-------+----------+-------------------------------------------
     0 | D:1      | Delamore the Formicid Fighter began the quest for the Orb.
     0 | D:1      | Reached XP level 1. HP: 18/18 MP: 1/1
   502 | D:1      | Reached XP level 2. HP: 24/24 MP: 2/2
  1200 | D:1      | Found a faded altar of an unknown god.
  1211 | D:1      | Reached XP level 3. HP: 27/30 MP: 3/3
  1562 | D:1      | Reached XP level 4. HP: 22/37 MP: 4/4
  2553 | D:2      | Reached XP level 5. HP: 28/42 MP: 5/5
  3017 | D:3      | Noticed Grinder
  3031 | D:4      | Noticed Pikel
  3031 | D:4      | Noticed a lemure
  3031 | D:4      | Noticed a lemure
  3031 | D:4      | Noticed a lemure
  3031 | D:4      | Noticed a lemure
  3033 | D:4      | Killed from afar by Pikel

Illustrated notes

Levels and vault maps discovered:
D:1:      psy_arrival_basics, layout_loops_corners,
          chequers_ecumenical_altar_simple_redux, roderic_serpentine_path,
          serial_park_tiny_2, minmay_heptomino_d4
D:2:      layout_basic, kennysheep_generic_room_3
D:3:      layout_loops_cross, hex_large, small_statue_alley_b, uniq_grinder
D:4:      layout_cave_pools, serial_shops, kennysheep_mini_moat, uniq_pikel,
          uniq_crazy_yiuf_cottage

Skill      XL: |  1  2  3  4 |
---------------+-------------+-----
Polearms       | 3 4 |  4.2
Fighting       | 4 |  4.3
Armour         | |  3.2
Shields        | |  3.6

Action                   |  1- 3 |  4- 6 || total
-------------------------+-------+-------++-------
Melee: Trident           |    72 |   115 ||   187
 Abil: Dig               |     1 |       ||     1
  Use: Scroll            |       |     4 ||     4
Armor: Scale mail        |    12 |    58 ||    70
Dodge: Dodged            |    16 |    31 ||    47
Block: Kite shield       |    25 |    49 ||    74

Table legend: (Time is in decaauts)
 A = Elapsed time spent in this place.
 B = Non-inter-level travel time spent in this place.
 C = Inter-level travel time spent in this place.
 D = Time resting spent in this place.
 E = Time spent auto-exploring this place.
 F = Levels seen in this place.
 G = Mean time per level.
                   A        B        C        D        E       F      G
               +--------+--------+--------+--------+--------+-----+--------+
         Total |   3092 |   3010 |     82 |    419 |   2183 |   4 |  773.0 |
       Dungeon |   3092 |   3010 |     82 |    419 |   2183 |   4 |  773.0 |
               +--------+--------+--------+--------+--------+-----+--------+

Top non-repeatable levels by time:
     D:1: 1710 daAuts
     D:2: 1138 daAuts
     D:3: 242 daAuts
     D:4: 1 daAuts
